 Dungeon Crawl Stone Soup version 0.29-a0-113-g078de9bc30 (webtiles) character file.

Game seed: 13537857348956597931

98 Sweetruy1997 the Skirmisher (level 4, -2/37 HPs)
             Began as a Demonspawn Chaos Knight on Feb 19, 2022.
             Was a Plaything of Xom.
             Slain by a white imp (4 damage)
             ... summoned by Xom
             ... on level 3 of the Dungeon.
             The game lasted 00:04:18 (2063 turns).

Sweetruy1997 the Skirmisher (DsCK)                  Turns: 2063, Time: 00:04:19

Health: -2/37      AC:  4    Str: 12      XL:     4   Next: 43%
Magic:  5/5        EV: 11    Int: 12 (13) God:    Xom [*.....]
Gold:   110        SH:  0    Dex: 12 (15) Spells: 3/4 levels left

rFire   . . .      SeeInvis .   a - +0 hand axe (chaos)
rCold   . . .      Faith    .   (no shield)
rNeg    + . .      Spirit   .   e - +1 leather armour "Duzeofeu" {rN+ rCorr}
rPois   .          Reflect  .   (no helmet)
rElec   .          Harm     .   (no cloak)
rCorr   +          Rampage  .   (no gloves)
Will    .....                   (no boots)
Stlth   +.........              (no amulet)
HPRegen 0.12/turn               (no ring)
MPRegen 0.09/turn               (no ring)

@: no status effects
A: powered by death 1
a: Renounce Religion


You were on level 3 of the Dungeon.
You worshipped Xom.
You were a special plaything of Xom.
You visited 1 branch of the dungeon, and saw 3 of its levels.

You collected 110 gold pieces.

Inventory:

Hand Weapons
 a - a +0 hand axe of chaos (weapon)
Missiles
 f - 5 javelins (quivered)
 l - 6 boomerangs
Armour
 b - a +2 leather armour
 e - the +1 leather armour "Duzeofeu" (worn) {rN+ rCorr}
   (You found it on level 2 of the Dungeon)

   rN:        It protects you from negative energy.
   rCorr:     It protects you from acid and corrosion.
Wands
 i - a wand of iceblast (2)
Scrolls
 g - a scroll of fog
 h - a scroll of teleportation {unknown}
 j - a scroll of silence {unknown}
 k - a scroll of magic mapping {unknown}


   Skills:
 + Level 3.7 Fighting
 + Level 3.4 Axes
 + Level 0.3 Throwing
 + Level 2.5 Armour
 - Level 1.0 Dodging
 + Level 0.8 Spellcasting
 + Level 0.5 Ice Magic


You had 3 spell levels left.
You knew the following spells:

 Your Spells              Type           Power      Damage    Failure   Level
a - Freeze                Ice            4%         1d3       30%         1

Your spell library contained the following spells:

 Spells                   Type           Power      Damage    Failure   Level
 Frozen Ramparts          Ice            2%         1d2       67%         3
 Hailstorm                Conj/Ice       1%         3d3       98%         4


Dungeon Overview and Level Annotations

Branches:
Dungeon (3/15)

Altars:
Uskayaw


Innate Abilities, Weirdness & Mutations

You regenerate a little health from kills.


Message History

The orc priest closely misses you.
You hit the orc priest. You freeze the orc priest.
You kill the orc priest!
You feel your strength returning.
Unknown command.
You start resting.
Your magical contamination has completely faded away.
You start resting.
An orc comes into view. It is wielding a +0 short sword.
You start resting.
Magic restored.
You start resting.
You are now a special plaything of Xom.
You hear Xom's maniacal laughter.
As you read the scroll labelled NIWNUY NAAW, it crumbles to dust.
It is a scroll of identify.
c - a scroll of summoning
As you read the scroll of identify, it crumbles to dust.
g - a scroll of fog You hit the white imp.
The white imp is poisoned.
The white imp is moderately wounded.
You closely miss the quasit. The quasit closely misses you.
The quasit claws you but does no damage.
The quasit barely misses you. The white imp hits you.
The white imp freezes you.
* * * LOW HITPOINT WARNING * * *
The quasit closely misses you.
The quasit claws you but does no damage. x2
The white imp hits you.
* * * LOW HITPOINT WARNING * * *
The white imp freezes you.
* * * LOW HITPOINT WARNING * * *
You aren't carrying any potions.
As you read the scroll of summoning, it crumbles to dust.
Wisps of shadow whirl around you...
The quasit bites you but does no damage.
The quasit claws you but does no damage.
The quasit closely misses you. The white imp hits you.
You die... "This toy is broken."

## .o #####(########
#.....)r5@55.# #
#.###.######.# ### #
#.#####... ..# ##
#.######......... ..#
#
#...........#####.#.
..#.#. #.##.######.#
..#)#.###.## ##.#
..........##.#####..#
..##......##....##.##


You could see a quasit (summoned), a white imp (summoned, very poisoned, ally
target), a shadow imp (summoned) and a friendly rat (summoned).

Vanquished Creatures
  An orc priest (D:3)
  3 adders (D:2)
  A dart slug (D:1)
  3 endoplasms
  A giant cockroach (D:1)
  7 goblins
  3 hobgoblins
  2 jackals (D:2)
  4 quokkas
  A ball python (D:1)
  4 bats
  A frilled lizard (D:2)
  4 kobolds
  4 rats
39 creatures vanquished.

Notes
Turn   | Place    | Note
-------+----------+-------------------------------------------
     0 | D:1      | Sweetruy1997 the Demonspawn Chaos Knight began the quest
                  | for the Orb.
     0 | D:1      | Reached XP level 1. HP: 18/18 MP: 1/1
   262 | D:1      | Gained mutation: You regenerate a little health from kills.
                  | [demonic ancestry]
   262 | D:1      | Reached XP level 2. HP: 23/24 MP: 2/2
   604 | D:1      | XOM: summons 2 hostile demons
   605 | D:1      | Noticed a crimson imp
  1027 | D:1      | Reached skill level 1 in Dodging
  1043 | D:1      | Found a faded altar of an unknown god.
  1150 | D:2      | Found a hide-covered altar of Uskayaw.
  1178 | D:2      | XOM: divination: detect creatures
  1204 | D:2      | Reached XP level 3. HP: 7/29 MP: 3/3
  1247 | D:2      | Identified the +1 leather armour "Duzeofeu" {rN+ rCorr}
  1255 | D:2      | Learned a level 1 spell: Freeze
  1469 | D:2      | XOM: smoke on damage
  1497 | D:2      | XOM: 4-stop teleportation journey
  1622 | D:2      | XOM: 2-stop teleportation journey
  1832 | D:3      | XOM: polymorph adder -> quokka
  1868 | D:3      | Reached XP level 4. HP: 28/37 MP: 4/4
  2059 | D:3      | XOM: summons 3 hostile demons
  2063 | D:3      | Slain by a white imp

Illustrated notes

Levels and vault maps discovered:
D:1:      dpeg_arrival_rooms_with_view, layout_loops_ring,
          shapermc_ecumenical_altar_mp_vishouse, grunt_decor_mini_mirrors
D:2:      layout_rooms, basic_altar, minmay_pentomino_o4
D:3:      layout_loops_ring

Skill      XL: |  1  2 |
---------------+-------+-----
Axes           | 3 |  3.4
Dodging        | 1 |  1.0
Armour         | 2 |  2.5
Fighting       | |  3.7
Throwing       | |  0.3
Spellcasting   | |  0.8
Ice Magic      | |  0.5

Action                   |  1- 3 |  4- 6 || total
-------------------------+-------+-------++-------
Melee: Hand axe          |    92 |     6 ||    98
       Punch             |     2 |       ||     2
Throw: Javelin           |    16 |     1 ||    17
 Cast: Freeze            |     6 |     2 ||     8
  Use: Potion            |     4 |       ||     4
       Scroll            |       |     3 ||     3
Armor: Leather armour    |    39 |     6 ||    45
Dodge: Dodged            |    62 |     6 ||    68

Table legend: (Time is in decaauts)
 A = Elapsed time spent in this place.
 B = Non-inter-level travel time spent in this place.
 C = Inter-level travel time spent in this place.
 D = Time resting spent in this place.
 E = Time spent auto-exploring this place.
 F = Levels seen in this place.
 G = Mean time per level.
                   A        B        C        D        E       F      G
               +--------+--------+--------+--------+--------+-----+--------+
         Total |   2085 |   2057 |     28 |    280 |   1449 |   3 |  695.0 |
       Dungeon |   2085 |   2057 |     28 |    280 |   1449 |   3 |  695.0 |
               +--------+--------+--------+--------+--------+-----+--------+

Top non-repeatable levels by time:
     D:1: 1129 daAuts
     D:2: 707 daAuts
     D:3: 248 daAuts
